 Dungeon Crawl Stone Soup version 0.27-a0-1081-ge8a0a9c698 (webtiles) character file.

Game seed: 663573423708729501

144447 pokeman the Sorcerer (level 16, -13/87 (93) HPs)
             Began as a Deep Elf Hedge Wizard on Apr 24, 2021.
             Was a High Priest of Vehumet.
             Mangled by a deep elf blademaster
             ... wielding a +0 rapier
              (14 damage)
             ... on level 2 of the Elven Halls on Apr 25, 2021.
             The game lasted 02:15:16 (42273 turns).

pokeman the Sorcerer (Deep Elf Hedge Wizard)       Turns: 42273, Time: 02:15:16

HP:   -13/87 (93)   AC: 17    Str: 13    XL:     16   Next: 85%
MP:   11/45         EV: 12    Int: 27    God:    Vehumet [*****.]
Gold: 4081          SH: 10    Dex: 18    Spells: 26/61 levels left

rFire    + + .     SeeInvis .   y - staff of conjuration
rCold    x . .     Faith    .   A - +0 buckler
rNeg     . . .     Spirit   .   E - +0 acid dragon scales
rPois    .         Reflect  +   W - +2 hat
rElec    +         Harm     .   d - +2 cloak {rF+}
rCorr    +         Rampage  .   O - +0 pair of gloves
Will     +....                  q - +1 pair of boots
Stlth    ++........             z - amulet of reflection
HPRegen  0.24/turn              r - ring of fire
MPRegen  0.29/turn              h - ring "Yquucs" {rElec Str+6 Dex+4}

@: sluggish, drained, very slow
A: mutation resistance 1
a: Renounce Religion


You were on level 2 of the Elven Halls.
You worshipped Vehumet.
Vehumet was extremely pleased with you.
You visited 5 branches of the dungeon, and saw 26 of its levels.
You also visited: Bailey, Ice Cave and Volcano.

You collected 4503 gold pieces.
You spent 422 gold pieces at shops.

Inventory:

Hand Weapons
 F - a +0 hand crossbow
 R - a +0 shortbow of freezing
 T - a +3 longbow of flaming
Missiles
 j - 503 arrows
 t - 19 curare-tipped darts
 u - 367 bolts
 B - 4 throwing nets
Armour
 d - a +2 cloak of fire resistance (worn)
 p - +0 fire dragon scales
 q - a +1 pair of boots (worn)
 A - a +0 buckler (worn)
 E - +0 acid dragon scales (worn)
 O - a +0 pair of gloves (worn)
 W - a +2 hat (worn)
Magical Staves
 y - a staff of conjuration (weapon)
Jewellery
 h - the ring "Yquucs" (right hand) {rElec Str+6 Dex+4}
   (You found it on level 4 of the Lair of Beasts)

   [ring of strength]

   It affects your strength (+6).
   It affects your dexterity (+4).
   It insulates you from electricity.
 o - an amulet of guardian spirit
 r - a ring of fire (left hand)
 z - an amulet of reflection (around neck)
Wands
 l - a wand of digging (21)
 Z - a wand of acid (8)
Scrolls
 b - a scroll of summoning
 f - 8 scrolls of magic mapping
 k - 2 scrolls of enchant armour
 m - 6 scrolls of identify
 n - 2 scrolls of fog
 s - 5 scrolls of blinking
 L - 14 scrolls of teleportation
Potions
 a - 2 potions of haste
 c - 11 potions of curing
 e - 3 potions of heal wounds
 i - a potion of cancellation
 w - a potion of brilliance
 x - 4 potions of flight
 C - a potion of experience
 D - a potion of berserk rage {unknown}
Miscellaneous
 g - a phantom mirror
 v - a piece from Xom's chessboard (15/15)


   Skills:
 - Level 8.0 Fighting
 + Level 7.7 Armour
 - Level 3.0 Dodging
 - Level 3.0 Stealth
 - Level 4.0 Shields
 * Level 23.0 Spellcasting
 + Level 14.8 Conjurations
 - Level 1.1 Summonings
 - Level 1.1 Translocations
 + Level 14.5 Fire Magic
 - Level 1.0 Ice Magic
 - Level 1.0 Air Magic
 - Level 1.2 Earth Magic
 - Level 1.0 Poison Magic
 - Level 1.0 Evocations


You had 26 spell levels left.
You knew the following spells:

 Your Spells              Type           Power      Damage    Failure   Level
a - Magic Dart            Conj           100%       1d8       0%          1
b - Mephitic Cloud        Conj/Pois/Air  75%        N/A       1%          3
c - Call Imp              Summ           37%        N/A       1%          2
d - Blink                 Tloc           N/A        N/A       1%          2
e - Conjure Flame         Conj/Fire      100%       6-21      0%          3
f - Shock                 Conj/Air       100%       1d9       1%          1
g - Fireball              Conj/Fire      64%        3d24      1%          5
h - Swiftness             Air            36%        N/A       3%          3
i - Stone Arrow           Conj/Erth      100%       3d13      1%          3
j - Starburst             Conj/Fire      64%        8x6d17    1%          6
k - Freezing Cloud        Conj/Ice/Air   37%        6-21      7%          6

Your spell library contained the following spells:

 Spells                   Type           Power      Damage    Failure   Level
 Iskenderun's Battlesphe  Conj           100%       2d15      1%          5
 Searing Ray              Conj           100%       3d7       0%          2
 Beastly Appendage        Tmut           62%        N/A       1%          1
 Ensorcelled Hibernation  Hex/Ice        66%        N/A       1%          2
 Static Discharge         Conj/Air       84%        N/A       1%          2
 Dazzling Flash           Conj/Hex       100%       N/A       1%          3
 Fulminant Prism          Conj/Hex       41%        3d20      1%          4
 Iskenderun's Mystic Bla  Conj/Tloc      84%        2d17      1%          4
 Lightning Bolt           Conj/Air       42%        1d61      1%          5
 Slow                     Hex            31%        N/A       2%          2
 Wereblood                Tmut           31%        N/A       2%          2
 Airstrike                Air            18%        N/A       2%          4
 Gell's Gravitas          Tloc           18%        N/A       3%          3
 Spider Form              Tmut/Pois      16%        N/A       3%          3
 Confusing Touch          Hex            31%        N/A       4%          3
 Animate Armour           Summ/Erth      74%        N/A       10%         4
 Yara's Violent Unravell  Hex/Tmut       15%        3d8       11%         5
 Ice Form                 Ice/Tmut       33%        N/A       12%         4
 Petrify                  Tmut/Erth      34%        N/A       12%         4
 Cause Fear               Hex            15%        N/A       16%         4
 Summon Forest            Summ/Tloc      18%        N/A       26%         5
 Borgnjor's Vile Clutch   Necr/Erth      17%        N/A       32%         5
 Metabolic Englaciation   Hex/Ice        16%        N/A       34%         5
 Silence                  Hex/Air        16%        N/A       34%         5
 Summon Mana Viper        Hex/Summ       34%        N/A       34%         5
 Hydra Form               Tmut           15%        N/A       38%         5
 Shadow Creatures         Summ           N/A        N/A       83%         6
 Summon Hydra             Summ           18%        N/A       100%        7
 Discord                  Hex            15%        N/A       100%        8


Dungeon Overview and Level Annotations

Branches:
Dungeon (15/15)            Temple (1/1) D:7            Lair (6/6) D:11
  Swamp (0/4) Lair:2        Snake (0/4) Lair:2        Slime (0/5) Lair:6
    Orc (2/2) D:11            Elf (2/3) Orc:2        Vaults (0/5) D:13
 Depths (0/5) D:15         Bailey (visited)           IceCv (visited)
Volcano (visited)

Altars:
Ashenzari
Cheibriados
Dithmenos
Elyvilon
Fedhas
Gozag
Hepliaklqana
Kikubaaqudgha
Makhleb
Nemelex Xobeh
Okawaru
Qazlal
Ru
Sif Muna
Trog
Uskayaw
Vehumet
Wu Jian
Xom
Yredelemnul
Zin
The Shining One
Beogh

Shops:
D:2 [   Orc:1 [   Orc:2 *??**   Elf:1 *   Elf:2 (

Annotations:
D:5 1 runed translucent door
Elf:2 2 transporters, Feoll's ghost, journeyman DDNe


Innate Abilities, Weirdness & Mutations

You are somewhat resistant to further mutation.


Message History

The deep elf blademaster appears confused.
The deep elf blademaster is engulfed in noxious fumes.
The deep elf blademaster is engulfed in noxious fumes.
The deep elf blademaster seems less confused.
The deep elf blademaster hits you but does no damage.
The deep elf blademaster hits you with a +0 rapier!
There is a large open door here.
Casting: Blink (safe; 1% risk of failure)
Confirm with . or Enter, or press ? or * to list all spells.
You blink.
Casting: Blink (safe; 1% risk of failure)
Confirm with . or Enter, or press ? or * to list all spells.
You blink.
Casting: Blink (safe; 1% risk of failure)
Confirm with . or Enter, or press ? or * to list all spells.
Aiming: Mephitic Cloud (safe; 1% risk of failure)
Press: ? - help, Shift-Dir - straight line, f/p - deep elf blademaster
Aim: a deep elf blademaster, wielding two +0 rapiers and wearing a +0 leather armour (chance to affect: 24%)
You feel a surge of power!
The ball explodes into a vile cloud!
The stinking cloud engulfs the deep elf blademaster but does no damage.
The deep elf blademaster is engulfed in noxious fumes. x2
The deep elf blademaster closely misses you.
The deep elf blademaster hits you with a +0 rapier!
* * * LOW HITPOINT WARNING * * *
Unknown command.
Unknown command.
Casting: Mephitic Cloud (safe; 1% risk of failure)
Confirm with . or Enter, or press ? or * to list all spells.
You blink.
The deep elf blademaster is engulfed in noxious fumes.
The deep elf blademaster appears confused.
The deep elf blademaster is engulfed in noxious fumes.
The deep elf blademaster appears confused.
The deep elf blademaster yells, "Get them off me!"
You start to feel a little faster.
The deep elf blademaster screams, "I'll kill you anyway!"
The deep elf blademaster hits you with a +0 rapier!
* * * LOW HITPOINT WARNING * * *
The deep elf blademaster hits you with a +0 rapier!
You die...

###..####..............# #.####
#.....'.○°.......^...#####.#
#.....'°○............'.....####
###).####..°..........#..........
)....# ##...........#..###©####.
####.# ##.........#..##S### ##
#.# ##.......##.##... .. ####'##
##..e..###.#.y..#. .#G [.....##
####@####.#..##..#... .......##
#.# #..#C. .Fly.# ........# #.#
#.##h# .sW#.. ........# ##.# #.#
..###yyY# ........#######..###.##


):GkDJ. ........+.............### #####. ........+........####...####.©.##
.......########..# ###.......... ......## #..# #######.### You could see a deep
elf blademaster (confused).

Vanquished Creatures
  Kirke (Lair:6)
  The ghost of Kuris the Covert, a journeyman DsCK of Xom (Lair:5)
  Nessos (D:13)
  A deep elf demonologist (Elf:1)
  A fire dragon (D:15)
  Harold (D:11)
  An ice dragon (D:15)
  17 hydras
  5 boulder beetles
  A centaur warrior (D:14)
  A catoblepas (Lair:6)
  3 two-headed ogres
  2 tengu warriors (D:15)
  16 dancing weapons
  4 death yaks (Lair:3)
  5 orc high priests (Orc:2)
  A shock serpent (shapeshifter) (D:13)
  Sonja (Lair:3)
  Nergalle (D:11)
  10 deep elf knights
  2 wizards
  2 lindwurms (Volcano)
  13 deep elf zephyrmancers
  10 orc knights
  3 deep elf archers (Elf:1)
  A harpy (shapeshifter) (Elf:1)
  14 deep elf pyromancers
  An orc sorcerer (Orc:1)
  2 oklob plants (Lair:2)
  2 wolf spiders
  7 ugly things
  A necromancer (IceCv)
  7 cyclopes
  3 manticores
  10 black mambas
  A guardian serpent (Lair:6)
  6 elephants (Lair:5)
  2 toenail golems (Volcano)
  A molten gargoyle (Volcano)
  4 ice statues (IceCv)
  5 gargoyles
  13 cane toads
  Joseph (Lair:1)
  An unseen horror (D:12)
  2 kobold demonologists (D:11)
  A freezing wraith (D:15)
  3 rime drakes
  Maggie (D:6)
  7 ice devils (IceCv)
  7 komodo dragons
  2 tengu conjurers (D:15)
  4 efreet
  10 polar bears
  A queen bee (Lair:5)
  A meliai (Lair:5)
  10 slime creatures
  A jumping spider (Lair:1)
  12 trolls
  6 hornets
  6 dream sheep (Lair:4)
  14 blink frogs
  3 redbacks (Lair:6)
  An air elemental (Elf:2)
  3 shadows
  3 hogs (Lair:6)
  27 yaks
  5 fire elementals (Volcano)
  4 basilisks
  16 humans
  3 water elementals
  16 wyverns
  A human (shapeshifter) (D:14)
  7 vampire mosquitoes
  2 wraiths
  17 wargs
  A swamp worm (shapeshifter) (D:14)
  4 nagas (Lair:2)
  21 water moccasins
  Edmund (D:6)
  17 hell hounds
  9 ice beasts
  39 orc warriors
  14 black bears
  An ogre (D:6)
  5 boggarts (D:15)
  46 wolves
  6 centaurs
  4 kobold brigands
  2 gnoll sergeants
  9 bullfrogs
  5 earth elementals
  7 scorpions
  A wyvern zombie (D:7)
  23 killer bees
  5 wights (D:8)
  7 howler monkeys
  2 electric eels (D:11)
  6 centaur zombies
  A bullfrog zombie (D:5)
  A draconian simulacrum (IceCv)
  3 lava snakes (Lair:1)
  27 orc priests
  5 hounds
  A bullfrog skeleton (D:6)
  Crazy Yiuf (D:7)
  4 gnoll shamans
  4 jellies
  A centaur skeleton (D:6)
  2 iguanas
  Jessica (D:2)
  A scorpion zombie (D:4)
  7 orc wizards
  A troll simulacrum (IceCv)
  A killer bee zombie (D:8)
  3 centaur simulacra
  3 hound skeletons (D:5)
  A howler monkey zombie (D:4)
  47 gnolls
  A river rat (D:6)
  11 adders
  4 naga simulacra (IceCv)
  2 ogre simulacra (IceCv)
  2 white imps (D:7)
  An adder skeleton (D:4)
  8 worms
  2 dart slugs (D:1)
  65 orcs
  7 bats
  5 endoplasms
  7 giant cockroaches
  10 goblins
  12 hobgoblins
  A jackal (D:9)
  25 kobolds
  4 quokkas
  6 ball pythons
  A frilled lizard (D:2)
  7 rats
  3 bushes
916 creatures vanquished.

Vanquished Creatures (collateral kills)
  Pikel (D:9)
  3 scorpions (D:5)
  A killer bee (D:9)
  2 hounds
  2 orc wizards (D:9)
  3 gnolls
  5 orcs (D:9)
  A frilled lizard (D:3)
18 creatures vanquished.

Vanquished Creatures (others)
  A vampire (D:9)
  A demonic plant (D:1)
  A fire vortex (Volcano)
  56 fungi
  82 plants
141 creatures vanquished.

Grand Total: 1075 creatures vanquished

Notes
Turn   | Place    | Note
-------+----------+-------------------------------------------
     0 | D:1      | pokeman the Deep Elf Hedge Wizard began the quest for the
                  | Orb.
     0 | D:1      | Reached XP level 1. HP: 10/10 MP: 7/7
    35 | D:1      | Noticed a four-headed hydra
   348 | D:1      | Found a faded altar of an unknown god.
   424 | D:1      | Reached XP level 2. HP: 16/16 MP: 2/9
  1178 | D:1      | Reached skill level 5 in Spellcasting
  1521 | D:1      | Reached XP level 3. HP: 20/20 MP: 6/11
  1525 | D:1      | Learned a level 3 spell: Mephitic Cloud
  1528 | D:1      | Learned a level 2 spell: Call Imp
  1531 | D:1      | Learned a level 2 spell: Blink
  1535 | D:1      | Learned a level 3 spell: Conjure Flame
  2310 | D:2      | Reached skill level 1 in Armour
  2433 | D:2      | Found Ryrch's Antique Armour Emporium.
  2445 | D:2      | Reached skill level 1 in Fighting
  2591 | D:2      | Noticed Jessica
  2603 | D:2      | Killed Jessica
  2604 | D:2      | Reached XP level 4. HP: 25/25 MP: 3/13
  2704 | D:2      | Learned a level 1 spell: Shock
  2849 | D:2      | Reached skill level 1 in Poison Magic
  3224 | D:3      | Reached skill level 6 in Spellcasting
  3224 | D:3      | Reached XP level 5. HP: 21/29 MP: 4/15
  4305 | D:3      | Reached skill level 1 in Evocations
  4471 | D:3      | Found a shimmering altar of Xom.
  4926 | D:4      | Reached XP level 6. HP: 34/34 MP: 10/17
  4930 | D:4      | Reached skill level 1 in Air Magic
  5324 | D:4      | Reached skill level 1 in Fire Magic
  5467 | D:4      | Reached skill level 7 in Spellcasting
  5542 | D:5      | Entered Level 5 of the Dungeon
  5648 | D:5      | Found a runed translucent door.
  5650 | D:5      | Found a runed translucent door.
  5651 | D:5      | Noticed a vampire mosquito
  5960 | D:5      | Found a glowing golden altar of the Shining One.
  6148 | D:5      | Reached XP level 7. HP: 39/39 MP: 15/20
  6180 | D:5      | Found a sacrificial altar of Ru.
  6844 | D:5      | Reached skill level 8 in Spellcasting
  6876 | D:5      | Killed a vampire mosquito
  6877 | D:5      | Reached skill level 1 in Shields
  6899 | D:5      | Gained mutation: You are somewhat resistant to further
                  | mutation. [potion of mutation]
  6934 | D:5      | Reached XP level 8. HP: 15/44 MP: 0/22
  7078 | D:5      | Reached skill level 9 in Spellcasting
  7377 | D:6      | Reached skill level 5 in Conjurations
  7485 | D:6      | Noticed Edmund
  7494 | D:6      | Killed Edmund
  7774 | D:6      | Reached skill level 10 in Spellcasting
  7787 | D:6      | Noticed Maggie
  8492 | D:6      | Killed Maggie
  8493 | D:6      | Reached XP level 9. HP: 48/48 MP: 15/25
  8792 | D:7      | Reached skill level 5 in Fire Magic
  9013 | D:7      | Found a staircase to the Ecumenical Temple.
  9021 | Temple   | Entered the Ecumenical Temple
  9030 | Temple   | Became a worshipper of Vehumet
  9341 | D:7      | Reached skill level 11 in Spellcasting
  9401 | D:7      | Noticed a troll
  9409 | D:7      | Killed a troll
  9551 | D:7      | Found a broken altar of Ashenzari.
 10227 | D:7      | Found a runed translucent door.
 10228 | D:7      | Noticed Crazy Yiuf
 10236 | D:7      | Killed Crazy Yiuf
 10398 | D:8      | Reached * piety under Vehumet
 10398 | D:8      | Offered knowledge of Sandblast by Vehumet.
 10626 | D:8      | Reached skill level 12 in Spellcasting
 11097 | D:8      | Noticed a gargoyle
 11107 | D:8      | Learned a level 3 spell: Swiftness
 11234 | D:8      | Reached XP level 10. HP: 53/53 MP: 16/28
 11574 | D:8      | Killed a gargoyle
 11995 | D:9      | Noticed Pikel
 11996 | D:9      | Reached ** piety under Vehumet
 12005 | D:9      | Offered knowledge of Foxfire by Vehumet.
 12012 | D:9      | Killed Pikel
 12049 | D:9      | Reached skill level 13 in Spellcasting
 12319 | D:9      | Identified the +5 ring mail "Xaekk" {rF+ rC++ MP-9 Int+2}
 12919 | D:9      | Offered knowledge of Stone Arrow by Vehumet.
 12962 | D:9      | Found a white marble altar of Elyvilon.
 13221 | D:9      | Reached *** piety under Vehumet
 13622 | D:9      | Found a blossoming altar of Fedhas.
 13628 | D:9      | Found a burning altar of Makhleb.
 13633 | D:9      | Found a basalt altar of Yredelemnul.
 13663 | D:10     | Entered Level 10 of the Dungeon
 13776 | D:10     | Noticed a gargoyle
 13880 | D:10     | Noticed a two-headed ogre
 13893 | D:10     | Killed a two-headed ogre
 13894 | D:10     | Reached skill level 14 in Spellcasting
 13894 | D:10     | Reached XP level 11. HP: 57/57 MP: 16/31
 15265 | D:11     | Learned a level 3 spell: Stone Arrow
 15423 | D:11     | Reached skill level 1 in Earth Magic
 15940 | D:11     | Offered knowledge of Olgreb's Toxic Radiance by Vehumet.
 16024 | D:11     | Found a staircase to the Lair.
 16036 | D:11     | Reached skill level 15 in Spellcasting
 16171 | D:11     | Noticed Harold
 16171 | D:11     | Noticed Nergalle
 16198 | D:11     | Killed Harold
 16994 | D:11     | Killed Nergalle
 17151 | D:11     | Found a staircase to the Orcish Mines.
 17472 | D:12     | Noticed a boulder beetle
 17494 | D:12     | Killed a boulder beetle
 17506 | D:12     | Reached XP level 12. HP: 59/66 MP: 4/33
 18199 | D:12     | Reached skill level 16 in Spellcasting
 18497 | D:13     | Found a gate to the Vaults.
 18497 | D:13     | Noticed Nessos
 18497 | D:13     | Noticed a two-headed ogre
 18497 | D:13     | Noticed a seven-headed hydra
 18565 | D:13     | Found a frozen archway.
 18567 | D:13     | Reached **** piety under Vehumet
 18600 | D:13     | Reached skill level 10 in Conjurations
 18608 | D:13     | Offered knowledge of Fireball by Vehumet.
 18809 | D:13     | Learned a level 5 spell: Fireball
 18839 | IceCv    | Entered an ice cave
 19447 | IceCv    | Reached skill level 10 in Fire Magic
 19867 | IceCv    | Reached skill level 5 in Fighting
 19986 | D:13     | Reached skill level 17 in Spellcasting
 20456 | D:13     | Killed a two-headed ogre
 20493 | D:13     | Killed a seven-headed hydra
 20523 | D:13     | Noticed a two-headed ogre
 20526 | D:13     | Killed a two-headed ogre
 20527 | D:13     | Reached XP level 13. HP: 72/72 MP: 2/36
 20693 | D:13     | Killed Nessos
 20725 | D:13     | HP: 2/72 [shock serpent (shapeshifter)/electric aura (3)]
 21059 | D:13     | Reached skill level 5 in Armour
 21867 | Lair:1   | Entered Level 1 of the Lair of Beasts
 22180 | Lair:1   | Noticed Joseph
 22184 | Lair:1   | Killed Joseph
 22274 | Lair:1   | Reached skill level 18 in Spellcasting
 23043 | Lair:1   | Found a runed translucent door.
 23333 | Lair:1   | Identified the +6 whip of Tebuohai {drain, Will+}
 23642 | Lair:2   | Reached ***** piety under Vehumet
 23788 | Lair:2   | Offered knowledge of Starburst by Vehumet.
 23813 | Lair:2   | Learned a level 6 spell: Starburst
 23900 | Lair:2   | Found a staircase to the Snake Pit.
 24114 | Lair:2   | Identified the +5 scimitar of Righteous Fury {holy, rF+
                  | Int-4 Dex+4}
 24206 | Lair:2   | Found a staircase to the Swamp.
 25456 | Lair:3   | Identified the +9 short sword "Ececwuz" {freeze, +Blink rF+
                  | Str+3}
 25552 | Lair:3   | Found a dark tunnel.
 25628 | Volcano  | Entered a volcano
 25992 | Volcano  | Reached skill level 19 in Spellcasting
 26171 | Volcano  | Reached XP level 14. HP: 78/78 MP: 39/39
 26558 | Lair:3   | Noticed Sonja
 26559 | Lair:3   | Killed Sonja
 27515 | Lair:4   | Identified the ring "Yquucs" {rElec Str+6 Dex+4}
 29149 | Lair:5   | Reached skill level 20 in Spellcasting
 29479 | Lair:5   | Found a transporter.
 29481 | Lair:5   | Found a transporter.
 29669 | Lair:5   | Noticed Kuris's ghost (journeyman DsCK)
 29698 | Lair:5   | Offered knowledge of Freezing Cloud by Vehumet.
 29706 | Lair:5   | Learned a level 6 spell: Freezing Cloud
 30194 | Lair:6   | Entered Level 6 of the Lair of Beasts
 30246 | Lair:6   | Reached skill level 1 in Ice Magic
 30422 | Lair:6   | Noticed Kirke
 30426 | Lair:6   | Killed Kirke
 30668 | Lair:6   | Found a staircase to the Slime Pits.
 30671 | Lair:6   | Identified 3 scrolls of acquirement
 30878 | Lair:6   | Reached XP level 15. HP: 84/84 MP: 34/41
 32483 | Lair:6   | Reached skill level 21 in Spellcasting
 32567 | Lair:6   | Offered knowledge of Spellforged Servitor by Vehumet.
 33391 | Lair:5   | Killed Kuris's ghost
 33809 | Temple   | Acquired 593 gold pieces
 33813 | Temple   | Acquired a book of Dreams
 33815 | Temple   | Acquired 786 gold pieces
 34023 | D:14     | Found a flagged portal.
 34046 | Bailey   | Entered a bailey
 34318 | Bailey   | Found a bloodstained altar of Trog.
 35003 | D:14     | Found a stormy altar of Qazlal.
 35510 | D:14     | Identified the +1 ring mail of Marbles {+Blink Will+ Str+6}
 35583 | D:15     | Entered Level 15 of the Dungeon
 35631 | D:15     | Upgraded the game from 0.27-a0-1071-ga85bd9520d to
                  | 0.27-a0-1081-ge8a0a9c698
 35697 | D:15     | Found a bloodstained altar of Trog.
 36269 | D:15     | HP: 3/86 [ice dragon/blast of cold (63)]
 36617 | D:15     | Found a staircase to the Depths.
 36879 | Orc:1    | Entered Level 1 of the Orcish Mines
 36879 | Orc:1    | Found Ciseen's Armour Emporium.
 36958 | Orc:1    | Offered knowledge of Bolt of Magma by Vehumet.
 37503 | Orc:2    | Entered Level 2 of the Orcish Mines
 37537 | Orc:1    | Reached XP level 16. HP: 92/92 MP: 37/43
 37889 | Orc:2    | Found Sol Kico's General Store.
 38045 | Orc:2    | Found a staircase to the Elven Halls.
 38346 | Orc:2    | Reached skill level 22 in Spellcasting
 38911 | Orc:2    | Found Cuhaycei's Magic Scroll Shoppe.
 38914 | Orc:2    | Found Muxt's General Store.
 38915 | Orc:2    | Found Feihof's Assorted Antiques.
 38916 | Orc:2    | Found Luyruush's Magic Scroll Shoppe.
 38921 | Orc:2    | Bought a scroll of magic mapping for 42 gold pieces
 39337 | Orc:2    | Bought a pair of embroidered boots for 270 gold pieces
 39402 | Elf:1    | Entered Level 1 of the Elven Halls
 39797 | Elf:1    | Offered knowledge of Iskenderun's Battlesphere by Vehumet.
 40276 | Elf:1    | Found Kuluobli's General Store.
 40718 | Elf:1    | Bought a scroll of magic mapping for 59 gold pieces
 40718 | Elf:1    | Bought a potion of curing for 51 gold pieces
 40865 | Elf:2    | Found a transporter.
 40888 | Elf:2    | Noticed Feoll's ghost (journeyman DDNe)
 40907 | Elf:2    | Found a transporter.
 41082 | Elf:2    | Found Hileing's Weapon Shop.
 41546 | Elf:2    | Found a huge runed translucent gate.
 41548 | Elf:2    | Found a huge runed translucent gate.
 41553 | Elf:2    | Found a huge runed translucent gate.
 41554 | Elf:2    | Found a huge runed translucent gate.
 41554 | Elf:2    | Found a huge runed translucent gate.
 42124 | Elf:2    | Reached skill level 23 in Spellcasting
 42216 | Elf:2    | Noticed a deep elf blademaster
 42273 | Elf:2    | HP: 1/87 [deep elf blademaster/+0 rapier (14)]
 42273 | Elf:2    | Mangled by a deep elf blademaster

Illustrated notes

Levels and vault maps discovered:
D:1:      sevenhm_arrival_forest_fort_small_2, layout_basic,
          shapermc_ecumenical_altar_gd, serial_co_window_serial,
          co_window_paths_b, co_window_paths_b, co_window_corner_a,
          co_window_corner_a, co_window_paths_a, co_window_corner_a,
          co_window_paths_b, co_window_paths_a, co_window_paths_b,
          co_window_cross_4, co_window_paths_c, co_window_2corner,
          co_window_4corner_b, co_window_paths_e, glass_columns_a,
          glass_columns_b, glass_columns_b, glass_columns_a, glass_columns_b
D:2:      layout_rooms, serial_shops, shop, uniq_jessica
D:3:      layout_loops_ring, tgw_xom
D:4:      layout_rooms
D:5:      lemuel_insect_pit, layout_gridville, nicolae_ru_path_of_blood,
          amcnicky_altar_gilded, hangedman_decor_growths
D:6:      layout_rooms, lightli_sewer_entry_pipes, uniq_maggie, uniq_edmund
D:7:      layout_gridville, evilmike_ruin_ashenzari, minmay_temple_entry_wispy,
          uniq_crazy_yiuf_cottage
D:8:      layout_rooms, minmay_chambers_of_fives
D:9:      minmay_razor_zed, layout_cave_pools, minmay_overflow_temple_star_quad,
          overflow_temple_1_default, serial_gnoll_camp, gnoll_camp_mini_hut,
          gnoll_camp_mini_sergeant, gnoll_camp_mini_doghouse,
          gnoll_camp_mini_loothouse, minmay_splitting_lines, uniq_pikel
D:10:     layout_grid_maze
D:11:     layout_loops_cross, erik_lair_island, minmay_orc_entry_guard_dogs,
          uniq_nergalle, uniq_harold
D:12:     layout_irregular_city
D:13:     layout_basic, david_vaults_3, portal_ice_cave_entry_ice_beasts
D:14:     layout_roguey, lemuel_tele_altar, enter_bailey_7,
          minmay_mirror_moons_of_madness
D:15:     grunt_enter_depths_hoard, layout_basic, serial_bayou_ford_a,
          bloody_trog
Temple:   eino_temple_lava
Lair:1:   gammafunk_indiana_jones, layout_cave_pods, fungi_pond_lemuel,
          grunt_forest_small_clearings, uniq_joseph
Lair:2:   layout_hall_layers, minmay_swamp_entry_swarm,
          minmay_snake_entry_guardpost_small, lemuel_fruit_fields,
          grunt_megastairs_4, infiniplex_staircase_pool, lemuel_fruit_tree,
          minmay_lair_oklob_chamber
Lair:3:   layout_hall_layers, enter_volcano_3, st_stairs_9, minmay_hedge_maze,
          uniq_sonja
Lair:4:   layout_cave_pods, serial_bayou_shore_a
Lair:5:   layout_cave_pods, gammafunk_ghost_hive
Lair:6:   hangedman_lair_caniforms_friends, layout_cave_pods,
          hangedman_lair_tendril_chambers, nicolae_slime_entry_slimehenge,
          uniq_kirke, uniq_nessos
Orc:1:    layout_caves, serial_shops, shop, minmay_orc_temple_a
Orc:2:    st_orc_pillars, layout_caves, serial_shops, shop, basic_altar
Elf:1:    layout_rooms, serial_shops, nicolae_shop_statue_plus,
          hangedman_corner_corridor, nicolae_twisting_strands
Elf:2:    layout_gridlike, gammafunk_ghost_berserking_beasts, serial_shops,
          shop_fountains

Skill      XL: |  1  2  3  4  5  6  7  8  9 10 11 12 13 14 15 16 |
---------------+-------------------------------------------------+-----
Spellcasting   | 5 6 7 8 10 12 14 15 17 19 20 21 23 | 23.0
Armour         | 1 2 3 4 6 7 |  7.7
Fighting       | 1 2 3 5 7 8 |  8.0
Conjurations   | 2 3 4 5 7 8 9 10 11 13 14 | 14.8
Poison Magic   | 1 |  1.0
Dodging        | 3 |  3.0
Evocations     | 1 |  1.0
Stealth        | 3 |  3.0
Air Magic      | 1 |  1.0
Fire Magic     | 1 3 4 6 7 9 10 11 12 13 14 | 14.5
Shields        | 1 2 3 4 |  4.0
Earth Magic    | 1 |  1.2
Ice Magic      | 1 |  1.0
Summonings     | |  1.1
Translocations | |  1.1

Action                   |  1- 3 |  4- 6 |  7- 9 | 10-12 | 13-15 | 16-18 || total
-------------------------+-------+-------+-------+-------+-------+-------++-------
Melee: Dagger            |    12 |    14 |       |       |       |       ||    26
       Staff             |       |     6 |    57 |    63 |    16 |     7 ||   149
 Fire: Shortbow          |       |       |       |    77 |       |       ||    77
       Hand crossbow     |       |       |       |    66 |       |       ||    66
Throw: Throwing net      |       |       |       |     4 |       |       ||     4
 Cast: Magic Dart        |   112 |    75 |    38 |    58 |     1 |     7 ||   291
       Shock             |       |    88 |   242 |   163 |    37 |    11 ||   541
       Mephitic Cloud    |       |     4 |    24 |    60 |    13 |     7 ||   108
       Conjure Flame     |       |     6 |    21 |    65 |     2 |       ||    94
       Call Imp          |       |     2 |     6 |    17 |    10 |     6 ||    41
       Blink             |       |       |       |     9 |    20 |     8 ||    37
       Stone Arrow       |       |       |       |    56 |    76 |    52 ||   184
       Swiftness         |       |       |       |     1 |       |     1 ||     2
       Fireball          |       |       |       |    61 |   426 |   127 ||   614
       Freezing Cloud    |       |       |       |       |     9 |       ||     9
       Starburst         |       |       |       |       |     2 |     1 ||     3
Evoke: Wand              |       |       |     4 |    11 |     1 |       ||    16
  Use: Potion            |       |       |     2 |       |     2 |       ||     4
       Scroll            |       |       |    11 |     2 |    19 |     2 ||    34
 Stab: Confused          |       |     3 |     7 |     6 |       |       ||    16
       Paralysed         |       |     1 |       |       |       |       ||     1
Armor: Robe              |     3 |       |       |       |       |       ||     3
       Leather armour    |     2 |     4 |    17 |       |       |       ||    23
       Acid dragon scale |       |       |    22 |    41 |    32 |    20 ||   115
       Ring mail         |       |       |       |     4 |     5 |       ||     9
Dodge: Dodged            |    22 |    17 |    85 |   108 |    36 |     8 ||   276
Block: Other             |       |     1 |    31 |     8 |       |       ||    40
       Buckler           |       |       |       |    68 |    45 |    17 ||   130
       Reflection        |       |       |       |     6 |     7 |     2 ||    15

Table legend: (Time is in decaauts)
 A = Elapsed time spent in this place.
 B = Non-inter-level travel time spent in this place.
 C = Inter-level travel time spent in this place.
 D = Time resting spent in this place.
 E = Time spent auto-exploring this place.
 F = Levels seen in this place.
 G = Mean time per level.
                   A        B        C        D        E       F      G
               +--------+--------+--------+--------+--------+-----+--------+
         Total |  42442 |  40348 |   2094 |   6044 |  28075 |  29 | 1463.5 |
       Dungeon |  23826 |  22396 |   1430 |   2136 |  16588 |  15 | 1588.4 |
        Temple |    130 |    121 |      9 |      0 |      1 |   1 |  130.0 |
          Lair |  10896 |  10507 |    389 |   1564 |   7881 |   6 | 1816.0 |
  Orcish Mines |   2669 |   2556 |    113 |    543 |   1514 |   2 | 1334.5 |
   Elven Halls |   2725 |   2574 |    151 |    819 |   1446 |   2 | 1362.5 |
        Bailey |    299 |    299 |      0 |     21 |    146 |   1 |  299.0 |
      Ice Cave |   1101 |   1101 |      0 |    424 |    499 |   1 | 1101.0 |
       Volcano |    791 |    791 |      0 |    537 |      0 |   1 |  791.0 |
               +--------+--------+--------+--------+--------+-----+--------+

Top non-repeatable levels by time:
  Lair:6: 2775 daAuts
     D:1: 2168 daAuts
     D:9: 1988 daAuts
    D:13: 1952 daAuts
  Lair:1: 1891 daAuts
    D:11: 1883 daAuts
    D:10: 1831 daAuts
  Lair:5: 1794 daAuts
     D:7: 1745 daAuts
   Orc:2: 1731 daAuts
    D:12: 1711 daAuts
     D:5: 1697 daAuts
  Lair:4: 1617 daAuts
     D:6: 1513 daAuts
   Elf:2: 1503 daAuts
